 Dungeon Crawl Stone Soup version 0.26.1-11-gd32895ea62 (webtiles) character file.

Game seed: 9828652029599731026

420 Zeld the Shield-Bearer (level 6, 0/52 HPs)
             Began as a Demigod Fighter on June 9, 2021.
             Slain by an ogre
             ... wielding a +0 giant club
              (27 damage)
             ... on level 4 of the Dungeon.
             The game lasted 00:03:59 (3938 turns).

Zeld the Shield-Bearer (Demigod Fighter)            Turns: 3938, Time: 00:04:00

Health: 0/52       AC:  7    Str: 23    XL:     6   Next: 35%
Magic:  8/8        EV:  7    Int: 12    God:
Gold:   115        SH: 10    Dex: 15    Spells: 5/5 levels left

rFire    . . .     SeeInvis .   a - +0 war axe
rCold    . . .     Faith    .   c - +0 kite shield
rNeg     . . .     Spirit   .   b - +0 scale mail
rPois    .         Reflect  .   (no helmet)
rElec    .         Harm     .   d - +0 cloak
rCorr    .         Rampage  .   (no gloves)
Will     .....                  (no boots)
Stlth    ..........             (no amulet)
HPRegen  0.17/turn              (no ring)
MPRegen  0.11/turn              (no ring)

@: no status effects
A: high mp 1
a: no special abilities


You were on level 4 of the Dungeon.
You visited 1 branch of the dungeon, and saw 4 of its levels.

You collected 115 gold pieces.

Inventory:

Hand Weapons
 a - a +0 war axe (weapon)
Missiles
 j - 3 boomerangs (quivered)
Armour
 b - a +0 scale mail (worn)
 c - a +0 kite shield (worn)
 d - a +0 cloak (worn)
Wands
 g - a wand of acid (9)
Scrolls
 e - a scroll of identify
 h - 3 scrolls of teleportation
Potions
 f - 2 potions of curing {unknown}
 i - 2 potions of berserk rage {unknown}
 k - 2 potions of mutation {unknown}
 l - a potion of lignification {unknown}
 m - 2 potions of invisibility {unknown}


   Skills:
 + Level 3.8 Fighting
 * Level 4.3 Axes
 - Level 2.6 Armour
 * Level 4.7 Shields


You had 5 spell levels left.
You didn't know any spells.
Your spell library was empty.

Dungeon Overview and Level Annotations

Branches:
Dungeon (4/15)
 Temple: D:4-7


Innate Abilities, Weirdness & Mutations

You have an increased reservoir of magic. (+10% MP)


Message History

You see here a howler monkey corpse.
The phantom blinks!
A phantom is nearby!
A phantom is nearby!
You are too injured to fight recklessly!
You are too injured to fight recklessly!
You are too injured to fight recklessly!
A phantom is nearby!
You are too injured to fight recklessly!
You are too injured to fight recklessly!
You are too injured to fight recklessly!
An ogre comes into view. It is wielding a +0 giant club.
The ogre shouts!
The phantom blinks!
You are too injured to fight recklessly!
You are too injured to fight recklessly!
You block the ogre's attack.
The ogre hits you with a +0 giant club!!
Ouch! That really hurt!
You die...

#. #.# ....##.# #.#
....##.#####.#
..........##.######
....##......... ..###
..........##.####.#.#
...# #....W.......#.####
#†.###....##.###.......#
..†.......##.# #@.#.####
##.###....##.# #.O#.#
#.# #....##.# #.##.# #.#
#....##.# #.##.# #.#
#....##.. .....# #.#
#..............# ##.#
#...#### ####### .#.#
#...#


You could see an ogre.

Vanquished Creatures
  A necrophage (D:3)
  An ogre (D:4)
  A howler monkey (D:4)
  A centaur skeleton (D:4)
  Terence (D:1)
  2 worker ants (D:4)
  A gnoll (D:1)
  4 adders
  2 worms (D:3)
  4 leopard geckos
  8 bats
  A giant cockroach (D:1)
  9 goblins
  9 hobgoblins
  5 kobolds
  A quokka (D:4)
  3 frilled lizards (D:1)
  13 rats
67 creatures vanquished.

Notes
Turn   | Place    | Note
-------+----------+-------------------------------------------
     0 | D:1      | Zeld the Demigod Fighter began the quest for the Orb.
     0 | D:1      | Reached XP level 1. HP: 18/18 MP: 3/3
   268 | D:1      | Reached XP level 2. HP: 22/25 MP: 4/4
   683 | D:1      | Reached XP level 3. HP: 31/31 MP: 5/5
  1269 | D:2      | Noticed Terence
  1362 | D:1      | Killed Terence
  1567 | D:2      | Reached XP level 4. HP: 38/38 MP: 6/6
  1855 | D:2      | Found a snail-covered altar of Cheibriados.
  1855 | D:2      | Found a shadowy altar of Dithmenos.
  1933 | D:2      | Found a hazy altar of Hepliaklqana.
  1935 | D:2      | Found an opulent altar of Gozag.
  2258 | D:3      | Noticed a necrophage
  2273 | D:3      | Killed a necrophage
  2274 | D:3      | Reached XP level 5. HP: 40/45 MP: 7/7
  2329 | D:3      | Found a hide-covered altar of Uskayaw.
  2500 | D:3      | Found a broken altar of Ashenzari.
  2505 | D:3      | Found a blossoming altar of Fedhas.
  3224 | D:4      | Noticed an ogre
  3233 | D:4      | Killed an ogre
  3445 | D:4      | Reached XP level 6. HP: 26/52 MP: 8/8
  3938 | D:4      | Slain by an ogre

Illustrated notes

Levels and vault maps discovered:
D:1:      lemuel_arrival_cross, layout_loops_cross
D:2:      layout_basic, nicolae_overflow_hidden_temple,
          chequers_serial_rivers_marsh, uniq_terence
D:3:      layout_loops_ring, minitemple
D:4:      layout_basic, serial_shops, shop_statue, gup_sewer_entry_glass

Skill      XL: |  1  2  3  4  5 |
---------------+----------------+-----
Axes           | 2 3 4 |  4.3
Shields        | 3 4 |  4.7
Fighting       | 3 |  3.8
Armour         | |  2.6

Action                   |  1- 3 |  4- 6 || total
-------------------------+-------+-------++-------
Melee: War axe           |   140 |   136 ||   276
Throw: Boomerang         |     1 |       ||     1
  Use: Potion            |     1 |       ||     1
       Scroll            |       |     3 ||     3
Armor: Scale mail        |    80 |    44 ||   124
Dodge: Dodged            |    49 |    43 ||    92
Block: Kite shield       |    83 |    76 ||   159
